 Dungeon Crawl Stone Soup version 0.30.1-11-g7821555f0a (webtiles) character file.

Game seed: 393631016188568740

86 KittyFluff the Cudgeller (level 4, -3/28 HPs)
             Began as a Gargoyle Berserker on Nov 24, 2023.
             Was a Believer of Trog.
             Slain by an orc
             ... wielding a +0 flail
              (8 damage)
             ... on level 4 of the Dungeon.
             The game lasted 00:03:36 (796 turns).

KittyFluff the Cudgeller (Gargoyle Berserker)        Turns: 796, Time: 00:03:37

Health: -3/28      AC:  5    Str: 23    XL:     4   Next: 49%
Magic:  4/4        EV: 11    Int:  7    God:    Trog [**....]
Gold:   63         SH:  3    Dex:  9    Spells: 3/3 levels left

rFire   . . .        a - +0 mace
rCold   . . .        d - +0 buckler
rNeg    + . .        b - +0 animal skin
rPois   ∞            (no helmet)
rElec   +            (no cloak)
rCorr   .            (no gloves)
SInv    .            (no boots)
Will    .....        (no amulet)
Stlth   +            (no ring)
HPRegen 0.24/turn    (no ring)
MPRegen 0.09/turn

%: no passive effects
@: no status effects
A: sickness immunity, AC +3, negative energy resistance 1, electricity
resistance, torment resistance 1, petrification resistance
a: Renounce Religion, Berserk, Trog's Hand


You were on level 4 of the Dungeon.
You worshipped Trog.
Trog was pleased with you.
You visited 1 branch of the dungeon, and saw 3 of its levels.

You collected 63 gold pieces.

Inventory:

Hand Weapons
 a - a +0 mace (weapon)
Missiles
 j - 8 poisoned darts (quivered)
Armour
 b - a +0 animal skin (worn)
 d - a +0 buckler (worn)
Scrolls
 c - a scroll of fear {unknown}
 e - a scroll of brand weapon {unknown}
 g - 2 scrolls of noise {unknown}
 i - 2 scrolls of enchant armour {unknown}
 k - 2 scrolls of identify {unknown}
Potions
 f - a potion of resistance {unknown}
 h - a potion of flight {unknown}
 l - a potion of lignification {unknown}


   Skills:
 + Level 3.6 Fighting
 * Level 3.7 Maces & Flails
 * Level 3.2 Armour
 + Level 2.0 Dodging
 + Level 1.3 Stealth
 + Level 0.8 Shields


You had 3 spell levels left.
You didn't know any spells.
Your spell library was empty.

Dungeon Overview and Level Annotations

Branches:
Dungeon (2/15)

Altars:


Innate Abilities, Weirdness & Mutations

You are immune to sickness and miasma.
Your stone body is resilient. (AC +3)
You are immune to poison.
You resist negative energy. (rN+)
You are resistant to electric shocks. (rElec)
You are resistant to unholy torment.
You are immune to petrification.


Message History

The hound bites you. The hound closely misses you.
You thump the hound!
You kill the hound!
Trog accepts your kill.
Your Dodging skill increases to level 2!
You have reached level 4!
You feel stronger.
Found a stone staircase leading up.
l - a clear potion You hear the slow rusting of a very distant drain.
Found a scroll labelled MATTEY GATI.
An orc comes into view. It is wielding a +0 flail.
The orc closely misses you.
You sock the orc!
You kill the orc!
Trog accepts your kill.
Things that are here:
a +0 flail; an orc corpse
g - 2 scrolls labelled MATTEY GATI (gained 1)
Things that are here:
a +0 flail; an orc corpse 2 orcs and an orc priest come into view.
The orc shouts! x2; The orc priest shouts!
The orc moves out of view.
The orc hits you with a +0 flail.
You hit the orc but do no damage. The orc closely misses you.
You hit the orc.
The orc is moderately wounded.
You closely miss the orc priest. The orc priest misses you.
The orc hits you with a +0 flail.
You closely miss the orc priest. The orc priest hits you with a +0 mace.
The orc barely misses you. The orc misses you.
The orc priest calls upon Beogh to heal the orc.
The orc's wounds heal themselves!
You hit the orc priest but do no damage.
The orc hits you with a +0 flail!
* * * LOW HITPOINT WARNING * * *
The orc priest barely misses you.
You closely miss the orc priest. The orc hits you with a +0 flail!
You die...

.......#.......####
...........<#####
................#
..........#####..#
......#..## .
##.#....# . ###)##
###.####.######.
.....oo@........
####.##o########
...# #####


You could see an orc priest and 2 orcs.

Vanquished Creatures
  A hound (D:4)
  2 adders (D:2)
  An orc (D:4)
  6 ball pythons
  2 endoplasms
  6 goblins
  5 hobgoblins
  4 kobolds
  A quokka (D:1)
  3 bats
  A frilled lizard (D:2)
  4 rats
36 creatures vanquished.

Notes
Turn   | Place    | Note
-------+----------+-------------------------------------------
     0 | D:1      | KittyFluff the Gargoyle Berserker began the quest for the
                  | Orb.
     0 | D:1      | Reached XP level 1. HP: 14/14 MP: 1/1
   147 | D:1      | Reached XP level 2. HP: 18/19 MP: 2/2
   446 | D:2      | Reached XP level 3. HP: 20/23 MP: 3/3
   564 | D:2      | Reached ** piety under Trog
   617 | D:2      | Reached skill level 1 in Stealth
   677 | D:2      | You fall into a shaft and drop 2 floors!
   762 | D:4      | Reached XP level 4. HP: 11/28 MP: 4/4
   796 | D:4      | Slain by an orc

Illustrated notes

Levels and vault maps discovered:
D:1:      minmay_arrival_loop, layout_rooms, minmay_octomino_e4
D:2:      layout_basic, minmay_between
D:4:      layout_rooms, portal_sewer_entry_e

Skill      XL: |  1  2  3 |
---------------+----------+-----
Stealth        | 1 |  1.3
Armour         | 3 |  3.2
Dodging        | 2 |  2.0
Fighting       | |  3.6
Maces & Flails | |  3.7
Shields        | |  0.8

Action                     |  1- 3 |  4- 6 || total
---------------------------+-------+-------++-------
  Melee: Mace              |   111 |     7 ||   118
   Stab: Sleeping          |     2 |       ||     2
 Armour: Animal skin       |    57 |       ||    57
  Dodge: Dodged            |    70 |     6 ||    76
  Block: Buckler           |     5 |       ||     5
